 Dungeon Crawl Stone Soup version 0.21-a0-442-g848f44b (webtiles) character file.

54 theanonym the Chopper (level 3, 0/29 HPs)
             Began as a Ghoul Gladiator on Nov 16, 2017.
             Slain by a goblin (6 damage)
             ... led by Robin
             ... on level 2 of the Dungeon.
             The game lasted 00:01:29 (784 turns).

theanonym the Chopper (Ghoul Gladiator)              Turns: 784, Time: 00:01:30

Health: 0/29       AC:  4    Str: 18    XL:     3   Next: 91%
Magic:  2/2        EV:  9    Int:  3    God:
Gold:   62         SH:  0    Dex: 10    Spells: 2/2 levels left

rFire    . . .     SeeInvis .   a - +1 war axe
rCold    + . .     Gourm    .   (no shield)
rNeg     + + +     Faith    .   b - +0 leather armour
rPois    ∞         Spirit   .   c - +0 helmet
rElec    .         Reflect  .   (no cloak)
rCorr    .         Harm     .   (no gloves)
MR       .....                  (no boots)
Stlth    +.........             (no amulet)
HPRegen  0.00/turn              h - -3 ring of evasion (curse)
MPRegen  0.08/turn              (no ring)

@: rotting
A: rotting body, claws 1, carnivore 3, cold resistance 1, negative energy
resistance 3, inhibited regeneration, torment resistance, unbreathing
a: no special abilities


Innate Abilities, Weirdness & Mutations

Your body is rotting away.
You thrive on raw meat.
You are immune to poison.
You have sharp fingernails.
You are carnivorous and can eat meat at any time.
Your flesh is cold resistant. (rC+)
You are immune to negative energy. (rN+++)
You do not regenerate when monsters are visible.
You are immune to unholy pain and torment.
You can survive without breathing.


   Skills:
 - Level 2.1 Fighting
 + Level 4.2 Axes
 - Level 1.7 Throwing
 - Level 2.6 Dodging


You had 2 spell levels left.
You didn't know any spells.

Skill      XL: |  1  2  3 |
---------------+----------+-----
Axes           | 3 4 |  4.2
Fighting       | |  2.1
Throwing       | |  1.7
Dodging        | |  2.6

Action                   || total
-------------------------++-------
Melee: War axe           ||    95
  Use: Scroll            ||     2
  Eat: Chunk             ||     8
Armor: Leather armour    ||    32
Dodge: Dodged            ||    67

Inventory:

Hand Weapons
 a - a +1 war axe (weapon)
Missiles
 d - 3 throwing nets (quivered)
Armour
 b - a +0 leather armour (worn)
 c - a +0 helmet (worn)
Jewellery
 h - a cursed -3 ring of evasion (left claw)
   (You found it on level 1 of the Dungeon)
Scrolls
 e - a scroll of teleportation {unknown}
Potions
 i - a potion of brilliance {unknown}
 j - a potion of cancellation {unknown}
 k - a potion of curing {unknown}
Comestibles
 f - 2 meat rations
 g - 4 chunks of flesh

Dungeon Overview and Level Annotations

Branches:
Dungeon (2/15)

Altars:
Cheibriados

Annotations:
D:2 Robin


You were on level 2 of the Dungeon.
You were not hungry.

You visited 1 branch of the dungeon, and saw 2 of its levels.

You collected 62 gold pieces.


Message History

Things that are here:
a club; a hobgoblin corpse You butcher the hobgoblin corpse.
g - 5 chunks of flesh (gained 4)
Things that are here:
a club; a hobgoblin skeleton
Things that are here:
a club; a hobgoblin skeleton
Found a stone staircase leading up.
An ooze comes into view.
Found a stone staircase leading down.
An ooze is nearby!
An ooze is nearby!
You feel your flesh rotting away.
You barely miss the ooze. The ooze barely misses you.
The ooze hits you but does no damage.
You slash the ooze! The ooze hits you.
You take 3 damage, and have 25/28 hp.
You hit the ooze.
You kill the ooze!
No target in view!
No target in view!
Eating one of 5 chunks of flesh.
You eat one of the 5 chunks of flesh.
You feel more resilient.
This raw flesh tastes great!
A goblin and a hobgoblin come into view.
The hobgoblin shouts!
The goblin shouts!
You hear a shout!
A goblin comes into view.
The goblin shouts!
You hear a shout! x5
A hobgoblin comes into view. It is wielding a club.
You regained 3 hp, and now have 28/29 hp.
There are monsters nearby!
There are monsters nearby!
There are monsters nearby!
There are monsters nearby!
The goblin moves out of view.
Robin of the Strong Arm comes into view.
She is wielding a whip.
A goblin comes into view.
Robin roars a battlecry!
The goblins go into a battle-frenzy!
A goblin comes into view. It is wielding a club.
You slash the hobgoblin!
You kill the hobgoblin!
Robin says, "A pitiful Ghoul like you will never find the ORB!"
Robin throws the goblin at you! The goblin closely misses you.
A goblin comes into view. It is wielding a dagger.
You take 1 damage, and have 27/29 hp.
You slash the goblin!
You kill the goblin!
You barely miss the hobgoblin. Robin throws the goblin at you!
A goblin comes into view. It is wielding a club.
The goblin shouts!
You slash the goblin!
You kill the goblin!
You hit the goblin. You hit the hobgoblin.
The hobgoblin hits you but does no damage.
The goblin hits you but does no damage. Robin throws the goblin at you!
The goblin hits you but does no damage.
You take 3 damage, and have 24/29 hp.
You hit the hobgoblin.
You kill the hobgoblin!
You barely miss the goblin. You slash the goblin!
You kill the goblin!
You hit the goblin.
You kill the goblin!
Robin roars a battlecry!
You slash the goblin!
You kill the goblin!
You barely miss the goblin. The goblin hits you with a dagger.
A goblin comes into view.
You take 6 damage, and have 18/29 hp.
MASSIVE DAMAGE!!
You are too injured to fight recklessly!
You are too injured to fight recklessly!
You are too injured to fight recklessly!
You closely miss the goblin. Robin throws the goblin at you!
The goblin hits you but does no damage.
You take 1 damage, and have 17/29 hp.
You slash the goblin!
You kill the goblin!
You hit the goblin. You barely miss the goblin.
The goblin hits you with a dagger.
* * * LOW HITPOINT WARNING * * *
The goblin hits you but does no damage.
Robin's horned helmet rattles.
The goblin misses you.
A goblin comes into view. It is wielding a club.
You take 6 damage, and have 11/29 hp.
MASSIVE DAMAGE!!
You hit Robin. You closely miss the goblin. You slash the goblin!
You kill the goblin!
The goblin closely misses you. Robin hits you but does no damage.
The goblin barely misses you.
You slash Robin! You barely miss the goblin. Robin hits you but does no damage.
The goblin hits you.
* * * LOW HITPOINT WARNING * * *
You take 2 damage, and have 9/29 hp.
Okay, then.
You closely miss Robin. You closely miss the goblin.
Robin throws the goblin at you!
* * * LOW HITPOINT WARNING * * *
The goblin hits you but does no damage. The goblin hits you.
You die...

.#.#..## .# ......#
.# .#.... ..## ....#
... .......
.#.###..#.#
#.....))g.# #g@#.#
#g)#.# #..#.# #..#.#
#######..#.#
...>.....#.##
#######.##..########
######....#....<...
#).....)...########


You could see Robin and 2 goblins.

Notes
Turn   | Place    | Note
-------+----------+-------------------------------------------
     0 | D:1      | theanonym the Ghoul Gladiator began the quest for the Orb.
     0 | D:1      | Reached XP level 1. HP: 17/17 MP: 0/0
    55 | D:1      | Found a snail-covered altar of Cheibriados.
    74 | D:1      | Reached skill level 3 in Axes
   115 | D:1      | Reached XP level 2. HP: 19/24 MP: 1/1
   329 | D:1      | Reached XP level 3. HP: 26/29 MP: 2/2
   728 | D:2      | Reached skill level 4 in Axes
   774 | D:2      | Noticed Robin
   781 | D:2      | HP: 11/29 [goblin/dagger[Robin] (6)]
   784 | D:2      | Slain by a goblin

Vanquished Creatures
  2 oozes
  A dart slug (D:1)
  A leopard gecko (D:1)
  A giant cockroach (D:1)
  12 goblins
  5 hobgoblins
  3 jackals (D:2)
  3 bats
  4 frilled lizards (D:1)
  4 kobolds (D:1)
  5 rats
41 creatures vanquished.
